 Dungeon Crawl Stone Soup version 0.29.1-2-gbd0b4ee654 (webtiles) character file.

Game seed: 10757519717000393191

26 xian the Shield-Bearer (level 2, -1/37 (40) HPs)
             Began as a Minotaur Fighter on Nov 22, 2022.
             Slain by Crazy Yiuf
             ... wielding a +2 quarterstaff of chaos
              (4 damage)
             ... on level 2 of the Dungeon.
             The game lasted 00:02:39 (1210 turns).

xian the Shield-Bearer (Minotaur Fighter)           Turns: 1210, Time: 00:02:44

HP:   -1/37 (40)    AC:  7    Str: 20    XL:     2   Next: 89%
MP:   1/1           EV:  9    Int:  5    God:
Gold: 72            SH:  4    Dex:  9    Spells: 1/1 levels left

rFire   . . .      SeeInvis .   a - +0 war axe
rCold   . . .      Faith    .   c - +0 buckler
rNeg    . . .      Spirit   .   b - +0 scale mail
rPois   .          Reflect  .   (helmet restricted)
rElec   .          Harm     .   (no cloak)
rCorr   .          Rampage  .   (no gloves)
Will    .....                   (no boots)
Stlth   ..........              (no amulet)
HPRegen 0.12/turn               (no ring)
MPRegen 0.07/turn               (no ring)

@: berserking (expiring), lethally poisoned (-1 -> -7), drained, very quick
A: horns 2, retaliatory headbutt
a: no special abilities


You were on level 2 of the Dungeon.
You visited 1 branch of the dungeon, and saw 2 of its levels.

You collected 102 gold pieces.
You spent 30 gold pieces at shops.

Inventory:

Hand Weapons
 a - a +0 war axe (weapon)
Missiles
 m - 2 boomerangs (quivered)
Armour
 b - a +0 scale mail (worn)
 c - a +0 buckler (worn)
Scrolls
 f - a scroll of teleportation
 j - a scroll of amnesia
Potions
 d - a potion of might
 h - 3 potions of flight {unknown}
 l - a potion of heal wounds {unknown}


   Skills:
 + Level 4.0 Fighting
 + Level 3.0 Axes
 + Level 4.0 Armour
 + Level 4.0 Shields


You had one spell level left.
You didn't know any spells.
Your spell library contained the following spells:

 Spells                   Type           Power      Damage    Failure   Level
 Magic Dart               Conj           0%         1d3       89%         1
 Searing Ray              Conj           0%         2d4       96%         2
 Call Canine Familiar     Summ           0%         N/A       99%         3
 Portal Projectile        Hex/Tloc       0%         N/A       99%         3
 Fulminant Prism          Conj/Hex       0%         3d6       100%        4
 Leda's Liquefaction      Hex/Erth       0%         N/A       100%        4
 Petrify                  Tmut/Erth      0%         N/A       100%        4
 Metabolic Englaciation   Hex/Ice        0%         N/A       100%        5
 Statue Form              Tmut/Erth      0%         N/A       100%        6


Dungeon Overview and Level Annotations

Branches:
Dungeon (2/15)

Altars:
Vehumet

Shops:
D:1 ?

Annotations:
D:2 Crazy Yiuf


Innate Abilities, Weirdness & Mutations

You have a pair of horns on your head.
You reflexively headbutt those who attack you in melee.


Message History

j - a scroll of amnesia
As you read the scroll of identify, it crumbles to dust.
k - a potion of degeneration Crazy Yiuf cries, "Cake poople unthinkable!"
You drop a potion of degeneration.
Okay, then.
It was a potion of curing.
You feel better.
It was a potion of berserk rage.
A red film seems to cover your vision as you go berserk!
You feel yourself moving faster!
You feel mighty!
Unknown command.
The door flies open with a bang!
You feel a strong urge to attack something.
Crazy Yiuf hits you with a +2 quarterstaff of chaos!
You are poisoned.
There is an open translucent door here.
You hit Crazy Yiuf. Your headbutt misses Crazy Yiuf.
Crazy Yiuf is moderately wounded.
You feel very sick.
Crazy Yiuf hits you with a +2 quarterstaff of chaos!
You feel drained.
You barely miss Crazy Yiuf.
Crazy Yiuf is moderately wounded.
You feel very sick.
Crazy Yiuf hits you with a +2 quarterstaff of chaos.
* * * LOW HITPOINT WARNING * * *
Crazy Yiuf draws strength from your wounds!
You barely miss Crazy Yiuf. Your headbutt misses Crazy Yiuf.
* * * LOW HITPOINT WARNING * * *
You feel sick. Crazy Yiuf barely misses you.
You barely miss Crazy Yiuf.
* * * LOW HITPOINT WARNING * * *
You feel sick.
You hit Crazy Yiuf. Your headbutt misses Crazy Yiuf.
Crazy Yiuf is moderately wounded.
* * * LOW HITPOINT WARNING * * *
You feel sick.
Crazy Yiuf screams, "Goldfish!
Mugger leg water."
Crazy Yiuf hits you with a +2 quarterstaff of chaos.
You die...

#....#
#...........
#P..##
###.########
##PP.# ###.#
#.##.. ##.##
#...# #.##.#
##.#
##>####.##.#
#.##
##.#........
##.#
#..####.....
#!##
##.##.......
#@#
#.####.....
#.g.#
#...#####..
#...# #.#..#
#.. #)..#
#....####..
#####
###........
#####..####.
###.......###.
#..........##.
#..........##.


You could see Crazy Yiuf.

Vanquished Creatures
  A dart slug (D:2)
  5 ball pythons
  An endoplasm (D:1)
  A goblin (D:1)
  2 jackals (D:2)
  4 quokkas (D:1)
  2 bats (D:1)
  3 frilled lizards (D:1)
  4 rats
23 creatures vanquished.

Vanquished Creatures (others)
  2 fungi (D:2)
2 creatures vanquished.

Grand Total: 25 creatures vanquished

Notes
Turn   | Place    | Note
-------+----------+-------------------------------------------
     0 | D:1      | xian the Minotaur Fighter began the quest for the Orb.
     0 | D:1      | Reached XP level 1. HP: 19/19 MP: 0/0
   200 | D:1      | Found a faded altar of an unknown god.
   414 | D:1      | Reached XP level 2. HP: 27/27 MP: 1/1
   459 | D:1      | Found Toab's Magic Scroll Boutique.
   492 | D:1      | Bought a scroll of noise for 10 gold pieces
   492 | D:1      | Bought a scroll of identify for 20 gold pieces
   996 | D:2      | Found a radiant altar of Vehumet.
  1195 | D:2      | Found a runed translucent door.
  1196 | D:2      | Noticed Crazy Yiuf
  1210 | D:2      | Slain by Crazy Yiuf

Illustrated notes

Levels and vault maps discovered:
D:1:      dpeg_arrival_more_subterranean_lakeside_camping, layout_basic,
          basic_ecumenical_altar, serial_shops, nicolae_shop_stone
D:2:      layout_basic, basic_altar, uniq_crazy_yiuf_cottage

Skill      XL: |  1  2 |
---------------+-------+-----
Shields        | 4 |  4.0
Armour         | 4 |  4.0
Axes           | 3 |  3.0
Fighting       | 4 |  4.0

Action                   || total
-------------------------++-------
Melee: War axe           ||    52
       Headbutt          ||     3
  Use: Scroll            ||     3
       Potion            ||     2
Armor: Scale mail        ||    19
Dodge: Dodged            ||    25
Block: Buckler           ||     8
